 Dungeon Crawl Stone Soup version 0.32-a0-630-g46d191b0ed (webtiles) character file.

Game seed: 491544385961567180

3081 SanguineEvangelist the Fighter (level 9, -1/93 HPs)
             Began as a Naga Warper on Mar 7, 2024.
             Was a Follower of Cheibriados.
             Slain by a hornet (8 damage)
             ... on level 7 of the Dungeon.
             The game lasted 00:14:47 (8253 turns).

SanguineEvangelist the Fighter (Naga Warper)        Turns: 8253, Time: 00:14:47

Health: -1/93      AC:  8    Str: 13    XL:     9   Next: 89%
Magic:  12/12      EV:  8    Int: 21    God:    Cheibriados [*.....]
Gold:   443        SH:  5    Dex: 18    Spells: 10/12 levels left

rFire   + . .        x - +9 whip "Dusku" {flame, rF+ rC+ Str-3 Int+4}
rCold   + . .        (no shield)
rNeg    . . .        h - +0 ring mail
rPois   +            o - +0 helmet
rElec   .            l - +0 cloak
rCorr   +            C - +0 pair of gloves
SInv    +            (no barding)
Will    +....        E - amulet of reflection
Stlth   ++           g - ring of resist corrosion
HPRegen 0.35/turn    (no ring)
MPRegen 0.13/turn

%: reflection
@: lethally poisoned (-1 -> -4), about to teleport, very slow
A: AC +3, large, see invisible, deformed body, poison resistance, slowness 2,
spit poison 1, naga tail 1
a: Spit Poison, Renounce Religion, Bend Time


You were on level 7 of the Dungeon.
You worshipped Cheibriados.
Cheibriados was aware of your devotion.
You visited 2 branches of the dungeon, and saw 9 of its levels.

You collected 443 gold pieces.

Inventory:

Hand Weapons
 a - a +0 falchion
 w - a +1 long sword
 x - the +9 whip "Dusku" (weapon) {flame, rF+ rC+ Str-3 Int+4}
   (You found it on level 4 of the Dungeon)

   Str-3:     It affects your strength (-3).
   Int+4:     It affects your intelligence (+4).
   rF+:       It protects you from fire.
   rC+:       It protects you from cold.
 B - a +0 scimitar
Missiles
 d - 6 darts of dispersal
Armour
 b - a +0 leather armour
 h - a +0 ring mail (worn)
 l - a +0 cloak (worn)
 o - a +0 helmet (worn)
 C - a +0 pair of gloves (worn)
Jewellery
 f - the ring "Hiwoyxogh" {Ice rN+}
   (You found it on level 4 of the Dungeon)

   [ring of ice]

   Ice:       It enhances your ice magic.
   rF-:       It makes you vulnerable to fire.
   rC+:       It protects you from cold.
   rN+:       It protects you from negative energy.
 g - a ring of resist corrosion (left hand)
 E - an amulet of reflection (around neck)
Talismans
 D - a dragon-blood talisman
Scrolls
 c - a scroll of blinking {@r4}
 e - 3 scrolls of teleportation {@r3}
 j - 3 scrolls of amnesia
 s - a scroll of revelation {@r5}
 t - 2 scrolls of vulnerability {!r}
 y - a scroll of silence {!r}
 H - a scroll of identify {@r1}
Potions
 i - a potion of heal wounds {unknown}
 k - a potion of invisibility
 m - a potion of lignification {unknown}
 n - 4 potions of enlightenment
 p - a potion of magic {unknown}
 q - 2 potions of haste {@q5}
 r - 2 potions of mutation {unknown}
 u - 5 potions of curing {@q2}
 v - 3 potions of might {unknown}
 z - a potion of degeneration {unknown}
 F - a potion of berserk rage {unknown}
 G - a potion of ambrosia
Miscellaneous
 A - a phantom mirror (inert)


   Skills:
 - Level 10.0 Fighting
 - Level 8.0 Long Blades
 - Level 0.8 Throwing
 - Level 0.7 Armour
 - Level 1.5 Dodging
 - Level 5.0 Stealth
 - Level 2.0 Spellcasting
 - Level 3.0 Translocations
 + Level 4.2 Invocations


You had 10 spell levels left.
You knew the following spells:

 Your Spells              Type           Power      Damage    Failure   Level
b - Blink                 Tloc           28%        N/A       14%         2

Your spell library contained the following spells:

 Spells                   Type           Power      Damage    Failure   Level
 Lesser Beckoning         Tloc           28%        N/A       14%         2
 Teleport Other           Tloc           14%        N/A       26%         3
 Mercury Vapours          Alch/Air       4%         N/A       43%         2
 Manifold Assault         Tloc           14%        N/A       65%         4
 Mephitic Cloud           Conj/Alch/Air  2%         N/A       67%         3
 Vhi's Electric Charge    Tloc/Air       16%        N/A       86%         4
 Freezing Cloud           Conj/Ice/Air   1%         6-21      100%        5


Dungeon Overview and Level Annotations

Branches:
Dungeon (8/15)             Temple (1/1) D:6
   Lair: D:8-11

Altars:
Ashenzari
Cheibriados
Dithmenos
Elyvilon
Fedhas
Gozag
Hepliaklqana
Makhleb
Nemelex Xobeh
Qazlal
Ru
Sif Muna
Trog
Uskayaw
Vehumet
Xom
Yredelemnul
Zin
The Shining One
Lugonu

Shops:
D:5 :

Annotations:
D:5 2 runed translucent doors, Skimidon's ghost, novice DgHu
D:6 Jeremiah
D:7 2 transporters, Nebesus's ghost, novice MfSh


Innate Abilities, Weirdness & Mutations

Your serpentine skin is tough. (AC +3)
You have supernaturally acute eyesight. (SInv)
Armour fits poorly on your strangely shaped body.
Your system is resistant to poisons. (rPois)
You cover ground very slowly.
You can spit poison.
You have a snake-like lower body.


Message History

The killer bee stings you but does no damage.
The killer bee barely misses you.
The killer bee stings you but does no damage.
The hornet stings you but does no damage.
The yak gores you! x2; The yak gores you.
You block the killer bee's attack. The killer bee barely misses you.
The hornet stings you but does no damage.
There is a stone staircase leading up, spattered with blood here.
The killer bee stings you but does no damage.
The killer bee misses you. You block the yak's attack. The yak gores you. x2
The yak completely misses you. The killer bee stings you.
The killer bee barely misses you. The hornet stings you!
You climb upwards.
Level annotation: 2 transporters, Nebesus's ghost, novice MfSh
There is a stone staircase leading down, spattered with blood here.
You see here a +1 whip of pain.
As you read the scroll of teleportation {@r3}, it crumbles to dust.
You feel strangely unstable. The killer bee misses you.
You block the killer bee's attack. The hornet stings you!
You are poisoned.
The yak gores you! The yak closely misses you. The killer bee stings you.
You are more poisoned.
The killer bee poisons you! The killer bee stings you.
* * * LOW HITPOINT WARNING * * *
The hornet stings you!
* * * LOW HITPOINT WARNING * * *
Okay, then.
You feel better. The killer bee stings you.
* * * LOW HITPOINT WARNING * * *
The killer bee stings you but does no damage.
The yak barely misses you. You block the yak's attack.
The killer bee stings you.
* * * LOW HITPOINT WARNING * * *
You are poisoned.
The killer bee poisons you! The killer bee stings you!
* * * LOW HITPOINT WARNING * * *
The hornet stings you!
You die...
Cheibriados appreciates the motionlessness of death.

.# ###..#.)### #............#
###!=.#. .#...###...#.......###
##..#.!###..#..##..##........)###
###...#..y#..y###..###.....##....
.#####$yyyW#####..###......######
..#############..[[.#......# #..
#.......©.......Y..........# #.#
##.........####yyYY........# #..
##.......))####Y@y.........## ###
.........>.....######.......###..
..........)###.######[........###
..####..................)........
...# #...........................
##.# #..........#..))[..........#
##.# #.............[......#....##
##.###.........................).
##...#....)...........#.#.#......


You could see 4 yaks, a hornet and 3 killer bees.

Vanquished Creatures
  Grinder (D:6)
  A yak (D:7)
  Menkaure (D:4)
  Edmund (D:4)
  2 orc warriors (D:7)
  An ice beast (D:5)
  3 ogres
  An elephant zombie (D:6)
  2 black bears (D:6)
  2 phantoms
  A centaur (D:7)
  A kobold brigand (D:5)
  2 scorpions
  3 wights (D:7)
  3 killer bees (D:7)
  2 howler monkeys (D:5)
  A jelly (D:7)
  3 centaur zombies (D:6)
  A bombardier beetle (D:4)
  3 hounds
  An orc priest (D:7)
  A sleepcap (D:6)
  2 iguanas
  4 orc wizards
  2 scorpion zombies (D:6)
  2 ogre zombies (D:6)
  3 hound zombies (D:6)
  A gnoll (D:4)
  5 adders
  A shadow imp (D:7)
  4 ufetubi
  4 adder zombies (D:6)
  2 dart slugs (D:3)
  A ribbon worm (D:4)
  17 orcs
  A bat (D:1)
  7 endoplasms
  5 giant cockroaches
  6 goblins
  5 hobgoblins
  3 jackals (D:4)
  5 quokkas
  3 ball pythons
  A jackal skeleton (D:5)
  A kobold (D:4)
  3 rats
125 creatures vanquished.

Vanquished Creatures (collateral kills)
  A steam dragon (D:7)
  A hound (D:6)
2 creatures vanquished.

Vanquished Creatures (others)
  An ogre (D:6)
1 creature vanquished.

Grand Total: 128 creatures vanquished

Notes
Turn   | Place    | Note
-------+----------+-------------------------------------------
     0 | D:1      | SanguineEvangelist the Naga Warper began the quest for the
                  | Orb.
     0 | D:1      | Reached XP level 1. HP: 19/19 MP: 3/3
   516 | D:1      | Found a faded altar of an unknown god.
   679 | D:1      | Reached XP level 2. HP: 18/27 MP: 5/5
  1631 | D:2      | Learned a level 2 spell: Blink
  1644 | D:2      | Reached XP level 3. HP: 30/33 MP: 6/6
  1875 | D:3      | Reached skill level 3 in Fighting
  1900 | D:3      | Identified the +1 ring mail of the Wereyak {*Corrode Str+2
                  | Dex+2}
  2065 | D:3      | Reached XP level 4. HP: 7/42 MP: 7/7
  2228 | D:3      | Found a shimmering altar of Xom.
  2738 | D:4      | Noticed Menkaure
  2993 | D:4      | Reached XP level 5. HP: 17/50 MP: 8/8
  2996 | D:4      | Reached skill level 4 in Fighting
  3153 | D:4      | Noticed a phantom
  3157 | D:5      | Entered Level 5 of the Dungeon
  3206 | D:4      | Identified the ring "Hiwoyxogh" {Ice rN+}
  3272 | D:4      | Identified the +9 whip "Dusku" {flame, rF+ rC+ Str-3 Int+4}
  3289 | D:4      | Killed Menkaure
  3290 | D:4      | Reached XP level 6. HP: 43/58 MP: 9/9
  3354 | D:4      | Found a broken altar of Ashenzari.
  3355 | D:4      | Found a hide-covered altar of Uskayaw.
  3509 | D:4      | Noticed Edmund
  3541 | D:4      | Reached skill level 5 in Fighting
  3541 | D:4      | Reached skill level 5 in Long Blades
  3573 | D:4      | Killed Edmund
  3574 | D:4      | Reached XP level 7. HP: 24/67 MP: 10/10
  4003 | D:5      | Found Seast's Book Shoppe.
  4216 | D:5      | Found a sparkling altar of Nemelex Xobeh.
  4230 | D:5      | Found a runed translucent door.
  4416 | D:5      | Noticed Skimidon's ghost (novice DgHu)
  4439 | D:5      | Noticed a human
  4440 | D:5      | Found a runed translucent door.
  4877 | D:5      | Found a shimmering blue altar of Sif Muna.
  5070 | D:5      | Found a faded altar of an unknown god.
  5072 | D:5      | Found a hazy altar of Hepliaklqana.
  5082 | D:5      | Reached XP level 8. HP: 58/69 MP: 11/11
  5208 | D:6      | Reached skill level 1 in Stealth
  5286 | D:6      | Found a basalt altar of Yredelemnul.
  5640 | D:6      | Reached skill level 6 in Fighting
  5640 | D:6      | Reached skill level 5 in Stealth
  5868 | D:6      | Noticed Jeremiah
  6063 | D:7      | Reached skill level 7 in Fighting
  6270 | D:7      | Reached XP level 9. HP: 54/83 MP: 12/12
  6294 | D:7      | Reached skill level 8 in Fighting
  6309 | D:7      | Found a transporter.
  6520 | D:6      | Noticed Grinder
  6531 | D:6      | Killed Grinder
  6605 | D:6      | Found a staircase to the Ecumenical Temple.
  6629 | Temple   | Entered the Ecumenical Temple
  6646 | Temple   | Became a worshipper of Cheibriados the Contemplative
  6969 | D:6      | Reached skill level 9 in Fighting
  7302 | D:7      | Found an opulent altar of Gozag.
  7481 | D:7      | Found a blossoming altar of Fedhas.
  7612 | D:7      | Noticed Nebesus's ghost (novice MfSh)
  7689 | D:7      | Found a transporter.
  7752 | D:7      | Found a radiant altar of Vehumet.
  7779 | D:8      | Noticed a two-headed ogre
  7791 | D:7      | Reached * piety under Cheibriados
  7792 | D:7      | Reached skill level 10 in Fighting
  7815 | D:8      | Noticed a hornet
  7821 | D:7      | Reached skill level 1 in Invocations
  8253 | D:7      | Slain by a hornet

Illustrated notes

Levels and vault maps discovered:
D:1:      nagdon_arrival_zigzag_paths, layout_basic, serial_corexii_hall,
          chequers_hall_statues_wall_a, chequers_hall_statues_corner_a,
          chequers_hall_statues_y, chequers_hall_statues_corner_a,
          corexii_hall_statues_i, corexii_hall_statues_x,
          dilly_ecumenical_altar_fadedgnrine, minivault_25
D:2:      layout_rooms
D:3:      layout_loops_corners, overflow_temple_1_default, grunt_ministairs_13
D:4:      layout_loops_ring, mainiacjoe_overflow_divided_tiny,
          minmay_starry_boxes, uniq_menkaure, uniq_edmund
D:5:      layout_layer_cave, nemelex_spade_bored_becter, dk_yredelemnul_ordeal,
          lemuel_blue_sif_altar, beargit_hepliaklqana_dungeon_heroes,
          serial_shops, nicolae_book_shop_shelving,
          hellmonk_ghost_happy_afterlife, serial_bayou_ford_a
D:6:      layout_loops_corners, minmay_temple_entry_glass,
          roadster_capsule_ark_zombie, uniq_jeremiah, uniq_grinder
D:7:      layout_rooms, kennysheep_mini, old_standard_altar,
          nicolae_gozag_cash_rules_everything_around_me, gammafunk_ghost_hive
D:8:      minmay_the_grid_octo_tiled_octocenter
          [minmay_the_grid_octo_fan_narrow, minmay_the_grid_octo_checkerflower,
          minmay_the_grid_octo_clover, minmay_the_grid_octo_77,
          minmay_the_grid_octo_prize_star,
          minmay_the_grid_square_5x5_inverted_slash,
          minmay_the_grid_square_5x5_percent, minmay_the_grid_square_5x5_v,
          minmay_the_grid_square_5x5_trominoes], layout_cave_pools,
          nicolae_overflow_crystal_walls, uniq_erica
Temple:   corrupted_temple

Skill      XL: |  1  2  3  4  5  6  7  8  9 |
---------------+----------------------------+-----
Long Blades    | 3 4 5 7 8 |  8.0
Fighting       | 3 4 5 7 10 | 10.0
Stealth        | 5 |  5.0
Invocations    | 4 |  4.2
Throwing       | |  0.8
Armour         | |  0.7
Dodging        | |  1.5
Spellcasting   | |  2.0
Translocations | |  3.0

Action                     |  1- 3 |  4- 6 |  7- 9 || total
---------------------------+-------+-------+-------++-------
  Melee: Falchion          |    93 |    32 |       ||   125
         Whip              |       |    22 |   233 ||   255
  Throw: Dart              |       |     7 |       ||     7
   Cast: Blink             |       |     1 |       ||     1
Ability: Spit Poison       |    25 |    19 |    43 ||    87
  Evoke: Wand              |       |       |     4 ||     4
         Phantom mirror    |       |       |     2 ||     2
    Use: Potion            |     2 |     1 |     3 ||     6
         Scroll            |       |     9 |     5 ||    14
   Stab: Invisible         |       |       |     2 ||     2
         Sleeping          |       |       |     1 ||     1
 Armour: Ring mail         |    91 |    52 |   284 ||   427
         Leather armour    |     1 |       |       ||     1
  Dodge: Dodged            |    50 |    14 |   122 ||   186
  Block: Other             |       |       |    29 ||    29
         Reflection        |       |       |     1 ||     1

Table legend: (Time is in decaauts)
 A = Elapsed time spent in this place.
 B = Non-inter-level travel time spent in this place.
 C = Inter-level travel time spent in this place.
 D = Time resting spent in this place.
 E = Time spent auto-exploring this place.
 F = Levels seen in this place.
 G = Mean time per level.
                   A        B        C        D        E       F      G
               +--------+--------+--------+--------+--------+-----+--------+
         Total |  10805 |   9988 |    817 |   1512 |   7111 |   9 | 1200.6 |
       Dungeon |  10759 |   9984 |    775 |   1512 |   7111 |   8 | 1344.9 |
        Temple |     46 |      4 |     42 |      0 |      0 |   1 |   46.0 |
               +--------+--------+--------+--------+--------+-----+--------+

Top non-repeatable levels by time:
     D:6: 1960 daAuts
     D:7: 1870 daAuts
     D:5: 1725 daAuts
     D:3: 1649 daAuts
     D:1: 1556 daAuts
     D:4: 1335 daAuts
     D:2: 627 daAuts
  Temple: 46 daAuts
     D:8: 34 daAuts
